 Dungeon Crawl Stone Soup version 0.30.1-11-g7821555f0a (webtiles) character file.

Game seed: 12384044350682735362

219 Rizzler the Digger (level 5, -1/37 HPs)
             Began as a Demonspawn Earth Elementalist on Nov 29, 2023.
             Killed from afar by an orc wizard (6 damage)
             ... with a puff of flame
             ... on level 4 of the Dungeon.
             The game lasted 00:11:39 (3827 turns).

Rizzler the Digger (Demonspawn Earth Elementalist)  Turns: 3827, Time: 00:11:39

Health: -1/37      AC:  3    Str:  9    XL:     5   Next: 63%
Magic:  10/10      EV: 12    Int: 16    God:
Gold:   135        SH:  0    Dex: 15    Spells: 3/10 levels left

rFire   . . .        b - +0 dagger
rCold   . . .        k - orb {*channel}
rNeg    . . .        a - +0 robe
rPois   +            (no helmet)
rElec   .            (no cloak)
rCorr   .            i - +0 pair of gloves
SInv    .            (no boots)
Will    .....        f - amulet of regeneration
Stlth   ++           c - ring of poison resistance
HPRegen 1.06/turn    (no ring)
MPRegen 0.12/turn

%: channel magic (20%)
@: no status effects
A: claws 2, condensation shield
a: no special abilities


You were on level 4 of the Dungeon.
You visited 1 branch of the dungeon, and saw 4 of its levels.

You collected 135 gold pieces.

Inventory:

Hand Weapons
 b - a +0 dagger (weapon)
Armour
 a - a +0 robe (worn)
 i - a +0 pair of gloves (worn)
 k - an orb of energy (worn)
Jewellery
 c - a ring of poison resistance (left hand)
 f - an amulet of regeneration (around neck)
 h - the ring of Benevolence {Wiz *Corrode rElec Dex+6 Stlth+}
   (You found it on level 2 of the Dungeon)

   [ring of wizardry]

   It improves your spell success rate.
   Dex:       It affects your dexterity (+6).
   rElec:     It insulates you from electricity.
   *Corrode:  It may corrode you when you take damage.
   Stlth:     It makes you more stealthy.
Scrolls
 e - a scroll of immolation
 g - a scroll of teleportation
 l - a scroll of fear
 m - a scroll of enchant armour
 o - a scroll of blinking {unknown}
Potions
 d - a potion of flight {unknown}
 n - a potion of heal wounds {unknown}


   Skills:
 + Level 1.1 Fighting
 + Level 0.1 Short Blades
 + Level 2.3 Dodging
 + Level 2.7 Stealth
 + Level 3.4 Spellcasting
 + Level 0.1 Conjurations
 + Level 1.1 Transmutations
 + Level 4.0 Earth Magic


You had 3 spell levels left.
You knew the following spells:

 Your Spells              Type           Power      Damage    Failure   Level
a - Sandblast             Erth           30%        2d9       12%         1
b - Stone Arrow           Conj/Erth      18%        3d8       45%         3
c - Mephitic Cloud        Conj/Pois/Air  2%         N/A       69%         3

Your spell library contained the following spells:

 Spells                   Type           Power      Damage    Failure   Level
 Passwall                 Tmut/Erth      8%         N/A       24%         2
 Magic Dart               Conj           12%        1d3       36%         1
 Necrotise                Necr           8%         1d4       38%         1
 Call Imp                 Summ           4%         N/A       47%         2
 Frozen Ramparts          Ice            4%         1d1       69%         3
 Vampiric Draining        Necr           2%         2d6       69%         3
 Petrify                  Tmut/Erth      10%        N/A       75%         4
 Ice Form                 Ice/Tmut       4%         N/A       93%         4
 Summon Ice Beast         Ice/Summ       2%         N/A       96%         4
 Agony                    Necr           2%         N/A       100%        5


Dungeon Overview and Level Annotations

Branches:
Dungeon (4/15)             Temple (0/1) D:4

Altars:
Okawaru
Wu Jian

Annotations:
D:2 Terence


Innate Abilities, Weirdness & Mutations

You have very sharp fingernails.
A meltable shield of frost defends you. (SH +0)


Message History

a +0 dagger; a +0 leather armour; an orc corpse You bump into the rock wall.
The orc wizard hits you with a +0 dagger.
* * * LOW HITPOINT WARNING * * *
You miss the orc wizard. The orc wizard barely misses you.
You bump into the rock wall.
The orc wizard hits you but does no damage.
Your magical contamination has completely faded away.
You're too confused to move!
You feel less confused.
The orc wizard points at you and mumbles some strange words.
The puff of flame hits you!
* * * LOW HITPOINT WARNING * * *
You hit the orc wizard but do no damage.
The orc wizard hits you with a +0 dagger.
* * * LOW HITPOINT WARNING * * *
You hit the orc wizard but do no damage.
The orc wizard hits you with a +0 dagger.
* * * LOW HITPOINT WARNING * * *
You barely miss the orc wizard.
The orc wizard gestures at you while chanting.
You are confused.
You bump into the rock wall.
The orc wizard hits you with a +0 dagger.
* * * LOW HITPOINT WARNING * * *
You bump into the rock wall.
The orc wizard barely misses you.
You bump into the rock wall.
The orc wizard closely misses you.
You bump into the rock wall.
The orc wizard hits you with a +0 dagger.
* * * LOW HITPOINT WARNING * * *
You barely miss the orc wizard.
You feel less confused. The orc wizard closely misses you.
You hit the orc wizard but do no damage.
The orc wizard barely misses you.
You hit the orc wizard.
The orc wizard is lightly wounded.
The orc wizard gestures at you while chanting.
The puff of flame hits you.
You die...

.........# ##......######
###.####.###.......# #
##.....##.....##.#### # #
#.......#..#####.# ##
..#.......#..# #.# ##.
......_.o.).## #.# ##..
#!......#.# #.# ##..#
#....S[.#)# #.# ##....
##.....##@######.####..#..
###.####o#.............#.
.........#..........#####
###...####.##.#.##.....#.
..... ........##...[#..
###. #.##....#.##.... ##
#.##<.)........#
#.....)...####..
#.##.#.##.# #..


You could see an orc wizard.

Vanquished Creatures
  Blork the orc (D:4)
  Natasha (D:2)
  4 gnolls
  2 adders
  A worm (D:2)
  A dart slug (D:3)
  4 orcs (D:4)
  9 ball pythons
  7 endoplasms
  7 goblins
  6 hobgoblins
  5 kobolds
  2 quokkas
  5 bats
  4 frilled lizards
  4 rats
63 creatures vanquished.

Notes
Turn   | Place    | Note
-------+----------+-------------------------------------------
     0 | D:1      | Rizzler the Demonspawn Earth Elementalist began the quest
                  | for the Orb.
     0 | D:1      | Reached XP level 1. HP: 13/13 MP: 3/3
    24 | D:1      | Reached skill level 1 in Transmutations
    36 | D:1      | Found a faded altar of an unknown god.
   176 | D:1      | Reached skill level 3 in Earth Magic
   180 | D:1      | Gained mutation: A meltable shield of frost defends you.
                  | (SH +0) [demonic ancestry]
   180 | D:1      | Reached XP level 2. HP: 5/19 MP: 0/5
   608 | D:1      | Reached XP level 3. HP: 24/24 MP: 2/6
  1350 | D:1      | Learned a level 3 spell: Stone Arrow
  1354 | D:1      | Learned a level 3 spell: Mephitic Cloud
  1566 | D:2      | Found an ornate altar of the Wu Jian Council.
  1626 | D:2      | Gained mutation: You have sharp fingernails. [demonic
                  | ancestry]
  1626 | D:2      | Reached XP level 4. HP: 24/31 MP: 0/8
  2126 | D:2      | Identified the ring of Benevolence {Wiz *Corrode rElec
                  | Dex+6 Stlth+}
  2221 | D:2      | Noticed Natasha
  2232 | D:2      | Killed Natasha
  2536 | D:2      | Noticed Terence
  3474 | D:4      | Noticed Blork the orc
  3485 | D:4      | Killed Blork the orc
  3486 | D:4      | Reached skill level 1 in Fighting
  3486 | D:4      | Gained mutation: You have very sharp fingernails. [demonic
                  | ancestry]
  3486 | D:4      | Reached XP level 5. HP: 34/37 MP: 1/9
  3568 | D:4      | Found a staircase to the Ecumenical Temple.
  3746 | D:4      | Found an iron altar of Okawaru.
  3777 | D:4      | Reached skill level 4 in Earth Magic
  3827 | D:4      | Killed from afar by an orc wizard

Illustrated notes

Levels and vault maps discovered:
D:1:      nicolae_arrival_washed_ashore, layout_basic,
          nicolae_ecumenical_snake_handling
D:2:      layout_basic, serial_forest, infiniplex_forest_end_2,
          infiniplex_forest_straight_3, infiniplex_forest_clump_double,
          infiniplex_forest_end_2, infiniplex_forest_lined_room_,
          infiniplex_forest_lined_3, infiniplex_forest_zigzag_2,
          infiniplex_forest_clump_medium, infiniplex_forest_clump_curved,
          basic_altar, uniq_terence, uniq_natasha
D:3:      layout_basic
D:4:      layout_loops_corners, nicolae_vehumet_altar_sigil,
          nicolae_qazlal_beasts_of_the_sky, old_standard_altar,
          minmay_temple_entry_arrows, uniq_blork_the_orc,
          uniq_crazy_yiuf_cottage

Skill      XL: |  1  2  3  4  5 |
---------------+----------------+-----
Transmutations | 1 |  1.1
Earth Magic    | 3 4 |  4.0
Dodging        | 2 |  2.3
Stealth        | 2 |  2.7
Fighting       | 1 |  1.1
Spellcasting   | 3 |  3.4
Short Blades   | |  0.1
Conjurations   | |  0.1

Action                     |  1- 3 |  4- 6 || total
---------------------------+-------+-------++-------
  Melee: Unarmed           |     1 |       ||     1
         Dagger            |    12 |    66 ||    78
  Throw: Throwing net      |       |     1 ||     1
   Cast: Sandblast         |    55 |    44 ||    99
         Stone Arrow       |       |     2 ||     2
    Use: Potion            |     1 |     1 ||     2
         Scroll            |     1 |     4 ||     5
   Stab: Sleeping          |     2 |     5 ||     7
 Armour: Robe              |     7 |    26 ||    33
  Dodge: Dodged            |    25 |    70 ||    95
  Block: Other             |     6 |     8 ||    14
         Orb               |       |     3 ||     3
